 Dungeon Crawl Stone Soup version 0.28-a0-1429-gf3d713df7a (webtiles) character file.

Game seed: 5991301770438511177

315 bande the Covered (level 6, -11/38 HPs)
             Began as a Gargoyle Fighter on Jan 9, 2022.
             Was an Initiate of Okawaru.
             Mangled by an ogre (22 damage)
             ... on level 4 of the Dungeon.
             The game lasted 00:06:54 (5000 turns).

bande the Covered (Gargoyle Fighter)                Turns: 5000, Time: 00:06:54

Health: -11/38     AC: 14    Str: 20    XL:     6   Next: 43%
Magic:  6/6        EV:  7    Int:  8    God:    Okawaru [......]
Gold:   243        SH:  4    Dex: 11    Spells: 5/5 levels left

rFire   . . .      SeeInvis .   a - +0 war axe
rCold   . . .      Faith    .   c - +0 buckler
rNeg    + . .      Spirit   .   h - +0 chain mail
rPois   ∞          Reflect  .   (no helmet)
rElec   +          Harm     .   (no cloak)
rCorr   .          Rampage  .   (no gloves)
Will    .....                   (no boots)
Stlth   ..........              (no amulet)
HPRegen 0.12/turn               (no ring)
MPRegen 0.10/turn               (no ring)

@: no status effects
A: sickness immunity, AC +4, negative energy resistance 1, electricity
resistance, torment resistance 1, petrification resistance
a: Renounce Religion


You were on level 4 of the Dungeon.
You worshipped Okawaru.
Okawaru was noncommittal.
You visited 2 branches of the dungeon, and saw 5 of its levels.

You collected 243 gold pieces.

Inventory:

Hand Weapons
 a - a +0 war axe (weapon)
Armour
 c - a +0 buckler (worn)
 h - a +0 chain mail (worn)
Wands
 i - a wand of flame (19)
Scrolls
 b - 2 scrolls of identify {unknown}
Potions
 d - a potion of might
 e - 4 potions of curing {unknown}
 f - a potion of berserk rage {unknown}
 g - 4 potions of heal wounds {unknown}
 j - a potion of flight {unknown}


   Skills:
 + Level 4.2 Fighting
 + Level 4.5 Axes
 + Level 4.6 Armour
 - Level 0.2 Stealth
 + Level 3.7 Shields
 * Level 0.2 Invocations


You had 5 spell levels left.
You didn't know any spells.
Your spell library contained the following spells:

 Spells                   Type           Power      Damage    Failure   Level
 Sting                    Tmut/Pois      0%         1d3       99%         1
 Poisonous Vapours        Pois/Air       0%         N/A       100%        2
 Olgreb's Toxic Radiance  Pois           0%         N/A       100%        4


Dungeon Overview and Level Annotations

Branches:
Dungeon (4/15)             Temple (1/1) D:4

Altars:
Ashenzari
Cheibriados
Elyvilon
Fedhas
Hepliaklqana
Kikubaaqudgha
Makhleb
Nemelex Xobeh
Okawaru
Ru
Sif Muna
Uskayaw
Xom
Jiyva


Innate Abilities, Weirdness & Mutations

You are immune to sickness and miasma.
Your stone body is resilient. (AC +4)
You are immune to poison.
You resist negative energy. (rN+)
You are resistant to electric shocks. (rElec)
You are resistant to unholy torment.
You are immune to petrification.


Message History

You closely miss the goblin. You block the goblin's attack.
You barely miss the goblin. The goblin hits you but does no damage.
You slash the goblin!
You kill the goblin!
Okawaru accepts your kill.
No target in view!
No target in view!
No target in view!
No target in view!
No target in view!
No target in view!
You see here a +0 dagger.
An orc comes into view. It is wielding a +0 trident.
The orc shouts!
You hear a shout!
There is a large open door here.
An ogre comes into view. It is wielding a +0 giant spiked club.
The ogre shouts!
An endoplasm comes into view.
The endoplasm quivers.
The orc hits you but does no damage.
You hit the orc but do no damage. The orc barely misses you.
You slash the orc!
You kill the orc!
Okawaru accepts your kill.
You closely miss the ogre. The ogre barely misses you.
You hit the ogre.
The ogre is lightly wounded.
The ogre hits you with a +0 giant spiked club!
You slash the ogre!
The ogre is heavily wounded.
You slash the endoplasm!
You kill the endoplasm!
Okawaru accepts your kill.
The ogre hits you with a +0 giant spiked club!
* * * LOW HITPOINT WARNING * * *
You barely miss the ogre.
The ogre is heavily wounded.
The ogre hits you with a +0 giant spiked club!!
Ouch! That really hurt!
You die...

†..#
#..#.......).[........#
..##
#.#.8...>..)8....##..##
###
#.##.........##..#..##.
#
#..##.8...8......#.##†.
#
#..........####.##....#
# ##..###...###
#.##...## #
##..####''####
#.##.8... #
#..##≈≈≈..≈≈≈##
..##...## ##
#.##§§≈≈@.§≈≈≈#
####....# ..
###§§≈≈≈O.≈≈≈§≈#
...##.. ..
#§§§≈§≈..≈≈§§§§ #..##.
§§≈≈≈≈..≈≈§≈≈≈ #..##
≈≈≈§≈≈§.§≈≈≈§≈≈ #..#
≈≈§≈≈≈≈..≈≈≈≈≈≈ #...
§≈≈≈§≈#..#≈≈§§≈ #..#
#### ≈§≈≈≈≈.§§.§≈§≈§
#.## ####..## ##.#


You could see an ogre.

Vanquished Creatures
  A jelly (D:4)
  A bullfrog skeleton (D:4)
  Natasha (thrice) (D:2)
  2 iguanas (D:4)
  An adder (D:2)
  A river rat (D:3)
  4 worms
  3 dart slugs
  3 orcs (D:4)
  3 ball pythons
  5 endoplasms
  6 giant cockroaches
  7 goblins
  5 hobgoblins
  7 jackals (D:1)
  15 kobolds
  4 quokkas
  5 bats
  4 frilled lizards
  9 rats
89 creatures vanquished.

Vanquished Creatures (others)
  2 demonic plants (D:1)
  2 fungi (D:1)
  2 plants (D:1)
6 creatures vanquished.

Grand Total: 95 creatures vanquished

Notes
Turn   | Place    | Note
-------+----------+-------------------------------------------
     0 | D:1      | bande the Gargoyle Fighter began the quest for the Orb.
     0 | D:1      | Reached XP level 1. HP: 14/14 MP: 1/1
   306 | D:1      | Reached XP level 2. HP: 19/19 MP: 2/2
   438 | D:1      | Found a faded altar of an unknown god.
   593 | D:1      | Reached XP level 3. HP: 23/23 MP: 3/3
  1704 | D:2      | Reached XP level 4. HP: 29/29 MP: 4/4
  1708 | D:2      | Noticed Natasha
  1720 | D:2      | Killed Natasha
  2022 | D:2      | Noticed Natasha
  2035 | D:2      | Killed Natasha
  2265 | D:2      | Reached XP level 5. HP: 29/33 MP: 5/5
  2399 | D:2      | Noticed Natasha
  2413 | D:2      | Killed Natasha
  3309 | D:3      | Found a broken altar of Ashenzari.
  3372 | D:3      | Found a sacrificial altar of Ru.
  4252 | D:4      | Reached XP level 6. HP: 28/38 MP: 6/6
  4658 | D:4      | Found a staircase to the Ecumenical Temple.
  4678 | Temple   | Entered the Ecumenical Temple
  4729 | Temple   | Became a worshipper of Warmaster Okawaru
  5000 | D:4      | Mangled by an ogre

Illustrated notes

Levels and vault maps discovered:
D:1:      dpeg_arrival_water_fire, layout_basic, shapermc_ecumenical_altar_gd
D:2:      layout_basic, uniq_natasha
D:3:      layout_basic, mainiacjoe_overflow_paths, ashenzari_altar_1,
          portal_sewer_entry_b
D:4:      kennysheep_big_flooded_room, layout_layer_cave,
          lemuel_mausoleum_altar_yredelemnul, minmay_temple_entry_waves,
          small_statue_intersection, grunt_ministairs_2
Temple:   pf_slimified_temple

Skill      XL: |  1  2  3  4  5 |
---------------+----------------+-----
Axes           | 2 3 4 |  4.5
Armour         | 4 |  4.6
Fighting       | 4 |  4.2
Stealth        | |  0.2
Shields        | |  3.7
Invocations    | |  0.2

Action                   |  1- 3 |  4- 6 || total
-------------------------+-------+-------++-------
Melee: War axe           |    97 |   153 ||   250
  Use: Scroll            |     3 |     2 ||     5
Armor: Scale mail        |    53 |    14 ||    67
       Chain mail        |       |    64 ||    64
Dodge: Dodged            |    47 |    43 ||    90
Block: Buckler           |    17 |    29 ||    46

Table legend: (Time is in decaauts)
 A = Elapsed time spent in this place.
 B = Non-inter-level travel time spent in this place.
 C = Inter-level travel time spent in this place.
 D = Time resting spent in this place.
 E = Time spent auto-exploring this place.
 F = Levels seen in this place.
 G = Mean time per level.
                   A        B        C        D        E       F      G
               +--------+--------+--------+--------+--------+-----+--------+
         Total |   5101 |   5026 |     75 |   1030 |   3214 |   5 | 1020.2 |
       Dungeon |   5030 |   4955 |     75 |   1030 |   3214 |   4 | 1257.5 |
        Temple |     70 |     70 |      0 |      0 |      0 |   1 |   70.0 |
               +--------+--------+--------+--------+--------+-----+--------+

Top non-repeatable levels by time:
     D:2: 1507 daAuts
     D:1: 1438 daAuts
     D:3: 1072 daAuts
     D:4: 1012 daAuts
  Temple: 70 daAuts
